 Dungeon Crawl Stone Soup version 0.29.0-4-gdea44cf6ec (webtiles) character file.

Game seed: 6942839180053655520

1444 qw the Cleaver (level 8, -4/48 HPs)
             Began as a Tengu Warper on Aug 28, 2022.
             Slain by a scorpion (5 damage)
             ... on level 6 of the Dungeon.
             The game lasted 00:00:30 (6345 turns).

qw the Cleaver (Tengu Warper)                       Turns: 6345, Time: 00:00:30

Health: -4/48      AC:  9    Str: 13    XL:     8   Next: 74%
Magic:  12/12      EV:  8    Int: 14    God:
Gold:   267        SH:  0    Dex: 14    Spells: 11/11 levels left

rFire   . . .      SeeInvis .   Y - +3 war axe (vorpal)
rCold   . . .      Faith    .   (no shield)
rNeg    . . .      Spirit   .   g - +0 chain mail
rPois   .          Reflect  .   (helmet restricted)
rElec   .          Harm     .   (no cloak)
rCorr   .          Rampage  .   (no gloves)
Will    .....                   (boots unavailable)
Stlth   ..........              (no amulet)
HPRegen 0.16/turn               (no ring)
MPRegen 0.13/turn               (no ring)

@: flying quickly and evasively, quick
A: beak, talons 3, nimble flight
a: no special abilities


You were on level 6 of the Dungeon.
You visited 1 branch of the dungeon, and saw 6 of its levels.

You collected 267 gold pieces.


Innate Abilities, Weirdness & Mutations

You have a beak for a mouth.
You have claws for feet.
Your magical nature lets you fly swiftly and evasively.


   Skills:
 + Level 4.0 Fighting
 - Level 10.1 Axes
 - Level 1.0 Throwing
 - Level 3.7 Armour
 - Level 3.2 Dodging
 - Level 2.0 Spellcasting
 - Level 2.4 Translocations


You had 11 spell levels left.
You didn't know any spells.
Your spell library contained the following spells:

 Spells                   Type           Power      Damage    Failure   Level
 Blink                    Tloc           16%        N/A       98%         2
 Gell's Gravitas          Tloc           8%         N/A       100%        3
 Lesser Beckoning         Tloc           8%         N/A       100%        3
 Teleport Other           Tloc           8%         N/A       100%        3
 Manifold Assault         Tloc           8%         N/A       100%        5

Inventory:

Hand Weapons
 j - a +0 mace of protection
 Y - a +3 vorpal war axe (weapon)
Missiles
 b - a boomerang (quivered)
Armour
 g - a +0 chain mail (worn)
Jewellery
 f - a ring of ice
Scrolls
 e - a scroll of identify
Potions
 a - 2 potions of curing
 d - a potion of mutation
 h - a potion of cancellation
 k - a potion of haste {unknown}
 n - a potion of might {unknown}
 o - a potion of berserk rage {unknown}

Dungeon Overview and Level Annotations

Branches:
Dungeon (6/15)
 Temple: D:4-7

Altars:
Fedhas
Nemelex Xobeh
Uskayaw

Annotations:
D:3 1 runed translucent door, qw's ghost, amateur TeWr


Message History

You miss the water moccasin. Your kick misses the water moccasin.
The water moccasin is almost dead.
You hit the white imp. You hit the wight.
The water moccasin bites you but does no damage.
The wight hits you with a +3 mace!
You feel drained. The white imp misses you. The water moccasin bites you!
You slash the water moccasin!
You kill the water moccasin!
You completely miss the wight. You hit the white imp.
The wight hits you with a +3 mace.
The white imp hits you but does no damage.
Your life force feels restored.
You barely miss the white imp.
The white imp is almost dead.
You hit the wight but do no damage. You hit the scorpion.
The scorpion stings you. The wight hits you with a +3 mace!
The white imp barely misses you. The scorpion barely misses you.
You slash the white imp!
You kill the white imp!
You hit the wight. You hit the scorpion but do no damage.
The wight barely misses you.
The scorpion stings you but does no damage.
You hit the wight. You claw the wight. You peck the wight, but do no damage.
The wight is severely damaged.
You hit the scorpion but do no damage. The scorpion barely misses you.
The wight hits you with a +3 mace!
You slash the wight!
You destroy the wight!
You closely miss the scorpion.
The scorpion stings you but does no damage.
Your Axes skill increases to level 10!
You closely miss the scorpion.
You claw the scorpion, but do no damage.
The scorpion is lightly wounded.
The scorpion closely misses you.
You closely miss the scorpion. Your kick misses the scorpion.
You peck the scorpion.
The scorpion is lightly wounded.
The scorpion stings you.
You die...

>. ... #.# #.# ..
#.# .# ##.# .#
#s)# .# #@.# .# .
#..##.###<..
#........5..
#.#...###.#
#..#.## #.#
#.###.###.########
..##
##.##.##...... ...
##.###.##.#####
#... .#......##.#


You could see a scorpion.

Vanquished Creatures
  Menkaure (D:4)
  2 water moccasins
  A black bear (D:4)
  3 ogres
  2 phantoms (D:4)
  2 wights (D:6)
  A howler monkey (D:6)
  An orc priest (D:4)
  6 iguanas
  4 orc wizards
  Natasha (twice) (D:2)
  5 adders
  A white imp (D:6)
  A worm (D:4)
  A dart slug (D:3)
  10 orcs
  4 ball pythons
  5 endoplasms
  2 giant cockroaches
  12 goblins
  6 hobgoblins
  5 quokkas
  6 bats
  3 frilled lizards
  8 kobolds
  2 rats
96 creatures vanquished.

Notes
Turn   | Place    | Note
-------+----------+-------------------------------------------
     0 | D:1      | qw the Tengu Warper began the quest for the Orb.
     0 | D:1      | Reached XP level 1. HP: 12/12 MP: 4/4
     0 | D:1      | 0 ||| qw: Version: 0.1-a-89-g26bdef1
     0 | D:1      | 0 ||| qw: Game counter: 1593
     0 | D:1      | 0 ||| qw: Always use a shield: true
     0 | D:1      | 0 ||| qw: God list: Okawaru
     0 | D:1      | 0 ||| qw: Allow faded altars: false
     0 | D:1      | 0 ||| qw: Do Orc after D:15 true
     0 | D:1      | 0 ||| qw: Do second Lair branch before Depths: true
     0 | D:1      | 0 ||| qw: Lair rune preference: random
     0 | D:1      | 0 ||| qw: Plans: Normal
     0 | D:1      | 0 ||| PLANNING D:1-11
   164 | D:1      | Reached skill level 3 in Axes
   164 | D:1      | Reached XP level 2. HP: 15/17 MP: 6/6
   919 | D:1      | You fall into a shaft and drop 1 floor!
   931 | D:2      | 931 ||| Stepping ~*~*~tactically~*~*~ (stealth).
  1074 | D:2      | Noticed Natasha
  1075 | D:2      | 1075 ||| Stepping ~*~*~tactically~*~*~ (hiding).
  1084 | D:2      | Noticed a crimson imp
  1086 | D:2      | Noticed a crimson imp
  1086 | D:2      | Killed Natasha
  1087 | D:2      | Reached skill level 4 in Axes
  1087 | D:2      | Reached XP level 3. HP: 13/21 MP: 7/7
  1230 | D:2      | 1230 ||| DROPPING +0 club.
  1309 | D:2      | 1309 ||| READING scroll labelled GENEICV EJADE.
  1318 | D:2      | 1318 ||| FLEEEEING.
  1322 | D:2      | 1322 ||| STAIRDANCE
  1554 | D:1      | Found a faded altar of an unknown god.
  1556 | D:1      | 1556 ||| READING scroll labelled ZUNORCHUI ULEV.
  1557 | D:1      | 1557 ||| READING 2 scrolls labelled DUOCAR DOLY.
  1558 | D:1      | 1558 ||| READING scroll labelled PAUTIKOAPSI.
  1559 | D:1      | 1559 ||| READING scroll labelled LEQAGI ACUPH.
  1559 | D:1      | Identified a scroll of acquirement
  1559 | D:1      | 1559 ||| ACQUIRING +2 vorpal war axe
  1559 | D:1      | Acquired a +2 vorpal war axe
  1561 | D:1      | 1561 ||| SWAPPING to +2 vorpal war axe.
  1562 | D:1      | 1562 ||| DROPPING +0 hand axe.
  1563 | D:1      | 1563 ||| DROPPING scroll of blinking.
  1564 | D:1      | 1564 ||| DROPPING scroll of magic mapping.
  1652 | D:2      | 1652 ||| Stepping ~*~*~tactically~*~*~ (stealth).
  1668 | D:2      | Reached XP level 4. HP: 26/26 MP: 8/8
  1982 | D:2      | 1982 ||| Stepping ~*~*~tactically~*~*~ (stealth).
  2091 | D:2      | Noticed Natasha
  2092 | D:2      | 2092 ||| Stepping ~*~*~tactically~*~*~ (hiding).
  2094 | D:2      | 2094 ||| Stepping ~*~*~tactically~*~*~ (hiding).
  2095 | D:2      | 2095 ||| Stepping ~*~*~tactically~*~*~ (hiding).
  2099 | D:2      | Killed Natasha
  2100 | D:2      | Reached skill level 5 in Axes
  2408 | D:2      | 2408 ||| UPGRADING to +1 ring mail of poison resistance.
  2418 | D:2      | 2418 ||| DROPPING +0 leather armour.
  2419 | D:2      | 2419 ||| READING scroll labelled KUAPNU OSCHUQU.
  2520 | D:2      | 2520 ||| READING scroll labelled AKHUQIBRUD.
  2552 | D:3      | 2552 ||| Stepping ~*~*~tactically~*~*~ (hiding).
  2604 | D:3      | Found a runed translucent door.
  2607 | D:3      | Noticed qw's ghost (amateur TeWr)
  2666 | D:3      | Gained mutation: Your magical nature lets you fly swiftly
                  | and evasively. [Tengu growth]
  2666 | D:3      | Reached XP level 5. HP: 20/30 MP: 9/9
  3126 | D:3      | 3126 ||| Stepping ~*~*~tactically~*~*~ (stealth).
  3361 | D:3      | 3361 ||| READING 2 scrolls labelled SOSHAM HEOHILOEC.
  3362 | D:3      | 3362 ||| READING scroll labelled LALOUSKONUN.
  3385 | D:3      | 3385 ||| READING scroll labelled HACYOTI RETZO.
  3386 | D:3      | 3386 ||| DRINKING 2 metallic green potions.
  3387 | D:3      | 3387 ||| DROPPING potion of degeneration.
  3388 | D:3      | 3388 ||| DROPPING scroll of poison.
  3404 | D:4      | Noticed a phantom
  3406 | D:4      | 3406 ||| STAIRDANCE
  3451 | D:4      | Killed a phantom
  3452 | D:4      | Reached skill level 6 in Axes
  3452 | D:4      | Reached XP level 6. HP: 14/35 MP: 10/10
  3656 | D:4      | Noticed a black bear
  3657 | D:4      | 3657 ||| Stepping ~*~*~tactically~*~*~ (stealth).
  3659 | D:4      | 3659 ||| Stepping ~*~*~tactically~*~*~ (hiding).
  3668 | D:4      | Killed a black bear
  3669 | D:4      | Reached skill level 7 in Axes
  3708 | D:4      | 3708 ||| FLEEEEING.
  3709 | D:4      | 3709 ||| FLEEEEING.
  3818 | D:4      | 3818 ||| Stepping ~*~*~tactically~*~*~ (hiding).
  3826 | D:4      | Reached skill level 3 in Fighting
  3881 | D:4      | Reached XP level 7. HP: 41/41 MP: 11/11
  3885 | D:4      | Noticed Menkaure
  3886 | D:4      | 3886 ||| Stepping ~*~*~tactically~*~*~ (hiding).
  3892 | D:4      | Killed Menkaure
  3893 | D:4      | Reached skill level 8 in Axes
  4104 | D:4      | Reached skill level 3 in Dodging
  4199 | D:4      | Identified the +2 scale mail "Giohez" {+Blink}
  4345 | D:4      | Reached skill level 9 in Axes
  4347 | D:4      | Found a hide-covered altar of Uskayaw.
  4349 | D:4      | Found a sparkling altar of Nemelex Xobeh.
  4438 | D:4      | 4438 ||| DROPPING +0 scale mail.
  4439 | D:4      | 4439 ||| UPGRADING to +0 chain mail.
  4449 | D:4      | 4449 ||| DROPPING +1 ring mail of poison resistance.
  4450 | D:4      | 4450 ||| DROPPING +2 scale mail "Giohez" {+Blink}.
  4451 | D:4      | 4451 ||| DRINKING 2 purple potions.
  4452 | D:4      | 4452 ||| READING 4 scrolls of identify.
  4452 | D:4      | 4452 ||| IDENTIFYING golden potion
  4453 | D:4      | 4453 ||| READING 3 scrolls of identify.
  4453 | D:4      | 4453 ||| IDENTIFYING green potion
  4454 | D:4      | 4454 ||| READING 2 scrolls of identify.
  4454 | D:4      | 4454 ||| IDENTIFYING bubbling golden potion
  4455 | D:4      | 4455 ||| DROPPING potion of flight.
  4476 | D:5      | Entered Level 5 of the Dungeon
  4481 | D:5      | 4481 ||| STAIRDANCE
  4485 | D:4      | Reached XP level 8. HP: 32/46 MP: 12/12
  4583 | D:5      | Reached skill level 3 in Armour
  4583 | D:5      | 4583 ||| STAIRDANCE
  5052 | D:5      | HP: 11/46 [ogre/+0 giant club (25)]
  5053 | D:5      | 5053 ||| DRINKING potion of heal wounds.
  5220 | D:5      | 5220 ||| Stepping ~*~*~tactically~*~*~ (hiding).
  5318 | D:5      | Found a blossoming altar of Fedhas.
  5801 | D:5      | 5801 ||| DROPPING +0 whip.
  5802 | D:5      | 5802 ||| READING scroll labelled SIXILI TACERUR.
  5943 | D:5      | 5943 ||| READING 2 scrolls of identify.
  5943 | D:5      | 5943 ||| IDENTIFYING bubbling grey potion
  5957 | D:6      | 5957 ||| PLANNING OSSUARY
  6007 | D:6      | 6007 ||| Stepping ~*~*~tactically~*~*~ (stealth).
  6017 | D:6      | HP: 10/47 [wight/+3 long sword (10)]
  6018 | D:6      | 6018 ||| READING scroll of teleportation.
  6018 | D:6      | HP: 4/47 [wight/+3 long sword (6)]
  6329 | D:6      | 6329 ||| Stepping ~*~*~tactically~*~*~ (hiding).
  6330 | D:6      | 6330 ||| Stepping ~*~*~tactically~*~*~ (hiding).
  6331 | D:6      | 6331 ||| Stepping ~*~*~tactically~*~*~ (hiding).
  6340 | D:6      | HP: 12/48 [wight/+3 mace (9)]
  6342 | D:6      | HP: 1/48 [wight/+3 mace (12)]
  6344 | D:6      | Reached skill level 10 in Axes
  6345 | D:6      | Slain by a scorpion

Levels and vault maps discovered:
D:1:      heliophobic_arrival_enchanted_forest, layout_loops_ring,
          shapermc_ecumenical_altar_pompeii, amcnicky_mini_pool_small
D:2:      layout_loops_corners, uniq_natasha
D:3:      cheibrodos_helix_gallery, layout_basic, hellmonk_ghost_happy_afterlife
D:4:      layout_gridville, nicolae_overflow_squiral, uniq_menkaure
D:5:      layout_loops_corners, fedhas_ov_isle_minmay
D:6:      layout_loops_ring, nicolae_ossuary_entry_monument,
          dreamdust_princess_corridor

Skill      XL: |  1  2  3  4  5  6  7  8 |
---------------+-------------------------+-----
Axes           | 3 4 5 6 7 9 10 | 10.1
Fighting       | 3 4 |  4.0
Dodging        | 3 |  3.2
Armour         | 2 3 |  3.7
Throwing       | |  1.0
Spellcasting   | |  2.0
Translocations | |  2.4

Action                   |  1- 3 |  4- 6 |  7- 9 || total
-------------------------+-------+-------+-------++-------
Melee: Hand axe          |    56 |       |       ||    56
       Peck              |     9 |    10 |    10 ||    29
       Kick              |    11 |    19 |    26 ||    56
       War axe           |     4 |    84 |    74 ||   162
       Punch             |     1 |     1 |     1 ||     3
Throw: Boomerang         |     7 |    19 |    25 ||    51
  Use: Scroll            |     5 |     5 |     6 ||    16
       Potion            |       |     1 |     2 ||     3
Armor: Leather armour    |    11 |     7 |       ||    18
       Ring mail         |       |    24 |     2 ||    26
       Chain mail        |       |       |    11 ||    11
Dodge: Dodged            |    22 |    42 |    30 ||    94

Table legend:
 A = Non-vault XP
 B = Vault XP
 C = Vault XP percentage of total XP
 D = Non-vault monster count
 E = Vault monster count
 F = Vault count percentage of total count
                 A         B        C        D         E       F
            +---------+---------+-------+---------+---------+-------
      Total |    1855 |     209 |  10.1 |      92 |       4 |   4.2
            +---------+---------+-------+---------+---------+-------
        D:1 |      28 |       0 |   0.0 |      16 |       0 |   0.0
        D:2 |      70 |      35 |  33.3 |      22 |       1 |   4.3
        D:3 |      79 |       5 |   6.0 |      17 |       2 |  10.5
        D:4 |     908 |     169 |  15.7 |      22 |       1 |   4.3
        D:5 |     388 |       0 |   0.0 |       9 |       0 |   0.0
        D:6 |     382 |       0 |   0.0 |       6 |       0 |   0.0
            +---------+---------+-------+---------+---------+-------
